 Dungeon Crawl Stone Soup version 0.21.1-1-g345015f (webtiles) character file.

10873 shakethe the Fighter (level 11, 0/104 HPs)
             Began as a Minotaur Fighter on Feb 18, 2018.
             Was a High Priest of Okawaru.
             Killed from afar by a white imp (12 damage)
             ... with a puff of frost
             ... on level 11 of the Dungeon.
             The game lasted 00:21:18 (9966 turns).

shakethe the Fighter (Minotaur Fighter)             Turns: 9966, Time: 00:21:19

Health: 0/104      AC: 12    Str: 20    XL:     11   Next: 41%
Magic:  13/13      EV: 13    Int:  8    God:    Okawaru [*****.]
Gold:   626        SH:  6    Dex: 15    Spells: 8/10 levels left

rFire    + . .     SeeInvis .   F - +2 hand axe (elec)
rCold    . . .     Gourm    .   Y - +0 buckler of Heresy {Dex+4}
rNeg     . . .     Faith    .   b - +1 scale mail
rPois    .         Spirit   .   (helmet restricted)
rElec    .         Reflect  .   (no cloak)
rCorr    .         Harm     .   (no gloves)
MR       .....                  p - +2 pair of boots
Stlth    ..........             L - amulet of rage {+Rage, !d}
HPRegen  0.27/turn              (no ring)
MPRegen  0.13/turn              O - ring of protection from fire {rF+, !d}

@: no status effects
A: retaliatory headbutt, horns 2
a: Heroism, Finesse, Renounce Religion, Evoke Berserk Rage


You were on level 11 of the Dungeon.
You worshipped Okawaru.
Okawaru was extremely pleased with you.
You were not hungry.

You visited 2 branches of the dungeon, and saw 12 of its levels.

You collected 626 gold pieces.

Inventory:

Hand Weapons
 a - a +0 war axe
 F - a +2 hand axe of electrocution (weapon)
   (You took it off an orc on level 6 of the Dungeon)
 K - a +2 flail of holy wrath
   (You took it off an orc on level 7 of the Dungeon)
Armour
 b - a +1 scale mail (worn)
 p - a +2 pair of boots (worn)
   (You found it on level 3 of the Dungeon)
 Y - the +0 buckler of Heresy (worn) {Dex+4}
   (Okawaru gifted it to you on level 9 of the Dungeon)

   It affects your dexterity (+4).
Magical Staves
 w - an uncursed staff of wizardry {unknown}
   (You found it on level 5 of the Dungeon)
Jewellery
 j - an uncursed ring of flight {+Fly, !d}
   (You found it on level 1 of the Dungeon)
 A - an uncursed ring of positive energy {rN+}
   (You found it on level 5 of the Dungeon)
 L - an amulet of rage (around neck) {+Rage, !d}
   (You found it on level 7 of the Dungeon)
 O - a ring of protection from fire (right hand) {rF+, !d}
   (You found it on level 7 of the Dungeon)
 R - an uncursed ring of protection from cold {rC+, !d}
   (You found it on level 7 of the Dungeon)
Wands
 r - a wand of enslavement (17)
   (You found it on level 4 of the Dungeon)
 B - a wand of acid (14)
   (You took it off Ijyb on level 5 of the Dungeon)
 D - a wand of digging (14)
   (You found it on level 6 of the Dungeon)
 I - a wand of flame (18)
   (You found it on level 7 of the Dungeon)
 T - a wand of paralysis (3)
   (You found it on level 8 of the Dungeon)
 Z - a wand of iceblast (8)
   (You found it on level 10 of the Dungeon)
Scrolls
 g - 2 scrolls of enchant armour
 h - 4 scrolls of teleportation
 i - 2 scrolls of amnesia
 l - 2 scrolls of remove curse
 n - a scroll of fear {unknown}
 x - a scroll of magic mapping {!r}
 y - a scroll of enchant weapon {unknown}
 H - a scroll of blinking {unknown}
 Q - a scroll of vulnerability {!r!r}
 W - a scroll of fog {unknown}
Potions
 d - a potion of ambrosia
 e - 2 potions of berserk rage {!q}
 m - 3 potions of haste {unknown}
 o - 2 potions of cancellation
 q - 3 potions of curing
 s - a potion of might
 u - a potion of flight
 z - a potion of magic {unknown}
 N - 3 potions of heal wounds {unknown}
 P - a potion of brilliance
 S - a potion of mutation {unknown}
Books
 k - a book of Flames
   (You found it on level 10 of the Dungeon)
 C - a book of Geomancy
   (You found it on level 6 of the Dungeon)
 E - a book of Minor Magic
   (You found it on level 6 of the Dungeon)
 G - a book of Cantrips
   (You found it on level 6 of the Dungeon)
 U - the Reference Book on Twisted Shape Shifting
   (You found it on level 8 of the Dungeon)

   Spells                             Type                      Level
   a - Pain                           Necromancy                   1
   b - Corpse Rot                     Necromancy                   2
   c - Sticks to Snakes               Transmutation                2
   d - Ignite Poison                  Fire/Transmutation/Poison    3
   e - Spider Form                    Transmutation/Poison         3
   f - Agony                          Necromancy                   5
 V - a book of Necromancy
   (You found it on level 9 of the Dungeon)
Comestibles
 f - 20 rations


   Skills:
 + Level 12.0 Fighting
 + Level 11.9 Axes
 + Level 7.5 Armour
 + Level 5.8 Dodging
 + Level 7.5 Shields
 + Level 4.6 Invocations
 + Level 4.1 Evocations


You had 8 spell levels left.
You knew the following spells:

 Your Spells              Type           Power        Failure   Level  Hunger
b - Blink                 Tloc           N/A          86%         2    ###....


Dungeon Overview and Level Annotations

Branches:
Dungeon (11/15)            Temple (1/1) D:4            Lair (0/6) D:9
    Orc (0/2) D:9

Altars:
Ashenzari
Cheibriados
Dithmenos
Elyvilon
Fedhas
Gozag
Hepliaklqana
Kikubaaqudgha
Makhleb
Nemelex Xobeh
Okawaru
Qazlal
Ru
Sif Muna
Trog
Uskayaw
Vehumet
Wu Jian
Xom
Yredelemnul
Zin
The Shining One
Beogh

Shops:
D:6 :   D:7 }   D:10 :(

Annotations:
D:10 exclusion: orange crystal statue


Innate Abilities, Weirdness & Mutations

You reflexively headbutt those who attack you in melee.
You have a pair of horns on your head.


Message History

You furiously retaliate!
You headbutt the white imp.
You kill the white imp!
Okawaru accepts your kill. The basilisk bites you!
Your limbs are stiffening.
You take 5 damage, and have 64/104 hp.
You barely miss the basilisk. Your headbutt misses the basilisk.
The white imp gestures at you. The puff of frost hits you!
The basilisk bites you!
You take 7 damage, and have 57/104 hp.
You hit the basilisk. Lightning courses through the basilisk!
Your headbutt misses the basilisk.
The basilisk bites you but does no damage.
You have turned to stone.
The basilisk gazes at you. You resist with some effort. The basilisk bites you.
The basilisk bites you but does no damage.
The white imp hits you. The white imp freezes you. The basilisk bites you.
The white imp hits you but does no damage.
The basilisk gazes at you. You resist with some effort.
The white imp hits you but does no damage.
The basilisk bites you.
You turn to flesh and can move again.
You take 5 damage, and have 52/104 hp.
You hit the basilisk. Lightning courses through the basilisk!
You kill the basilisk!
Okawaru accepts your kill.
You slash the white imp! The white imp misses you.
Unknown command.
A white imp comes into view.
The white imp shouts, "Embrace thy failure, thou currish pigeon-egg reprobate!"
The lava snake spits lava at you. The glob of lava misses you.
The white imp gestures at you. The puff of frost hits you!
A white imp comes into view.
You take 4 damage, and have 48/104 hp.
You closely miss the white imp. You slash the white imp!
You kill the white imp!
Okawaru accepts your kill. The white imp gestures at you.
The puff of frost misses you.
You hear the faint crackling of a melting archway nearby.
The white imp gestures at you. The puff of frost hits you!
The white imp gestures at you. The puff of frost hits you!
You take 6 damage, and have 43/104 hp.
The white imp gestures at you. The puff of frost misses you.
You slash the white imp!
Lightning courses through the white imp!
You kill the white imp!
Okawaru accepts your kill. The white imp hits you. The white imp freezes you.
You take 6 damage, and have 39/104 hp.
You slash the white imp!
The white imp hits you but does no damage.
You slash the white imp!
You kill the white imp!
Okawaru accepts your kill.
A white imp comes into view.
You eat one of the 21 rations.
That ration really hit the spot!
You start resting. 2 white imps come into view.
The white imp shouts!
The white imp shouts, "Slither away, thou defiled spleeny cretin!"
You hit the white imp but do no damage.
Lightning courses through the white imp!
You kill the white imp!
Okawaru accepts your kill. The white imp gestures at you.
The puff of frost misses you.
The electric eel shoots out a bolt of lightning at you!
The bolt of electricity hits you! x2
* * * LOW HITPOINT WARNING * * *
The white imp barely misses you. The white imp gestures at you.
The puff of frost hits you!
* * * LOW HITPOINT WARNING * * *
You slash the white imp!
You kill the white imp!
Okawaru accepts your kill.
You hit the white imp.
The electric eel shoots out a bolt of lightning at you!
The bolt of electricity hits you!
* * * LOW HITPOINT WARNING * * *
The bolt of electricity hits you!
* * * LOW HITPOINT WARNING * * *
You take 41 damage, and have 2/104 hp.
MASSIVE DAMAGE!!
You feel better.
The white imp hits you but does no damage.
You regained 10 hp, and now have 12/104 hp.
The white imp gestures at you. The puff of frost hits you!
You die...

#.###### #......#
#.#########
#.5.@....<#
##.#######.#
#.....# #.#
55.....≈≈≈....#.#
5..%.#.≈#≈≈≈;....
#......≈≈≈≈#≈≈≈≈.
#.#...≈≈≈#≈≈≈≈#≈.#
. #...≈#≈ ≈≈#≈≈≈.#
#...≈ ≈≈#≈≈ ≈


You could see a white imp.

Vanquished Creatures
  Erica (D:10)
  4 two-headed ogres
  A troll (D:10)
  A hornet (D:9)
  2 hippogriffs (D:7)
  The ghost of Solrac the Poker, an amateur TrFi (D:3)
  5 yaks (D:9)
  A basilisk (D:11)
  2 hungry ghosts (D:8)
  2 water moccasins
  An ice beast (D:5)
  5 orc warriors
  4 phantoms
  A black bear (D:5)
  2 eyes of draining (D:10)
  4 necrophages
  6 ogres
  2 centaurs (D:9)
  5 big kobolds
  A crocodile (D:7)
  6 bullfrogs
  A wyvern skeleton (D:9)
  5 scorpions
  4 killer bees (D:8)
  4 crimson imps
  A bullfrog zombie (D:8)
  2 centaur zombies
  2 quasits
  4 orc priests
  5 jellies
  A bullfrog skeleton (D:5)
  4 hounds
  3 iguanas
  Ijyb (D:5)
  8 worker ants
  7 orc wizards
  2 hound skeletons
  8 gnolls
  A howler monkey skeleton (D:4)
  12 adders
  3 shadow imps
  10 white imps (D:11)
  5 oozes (D:8)
  An adder skeleton (D:6)
  2 adder zombies
  10 worms
  A dart slug (D:1)
  4 leopard geckos
  47 orcs
  5 bats
  5 giant cockroaches
  8 goblins
  12 hobgoblins
  11 jackals
  5 quokkas
  3 ball pythons
  A ball python skeleton (D:5)
  4 frilled lizards
  24 kobolds
  A quokka skeleton (D:5)
  7 rats
301 creatures vanquished.

Notes
Turn   | Place    | Note
-------+----------+-------------------------------------------
     0 | D:1      | shakethe the Minotaur Fighter began the quest for the Orb.
     0 | D:1      | Reached XP level 1. HP: 19/19 MP: 0/0
   137 | D:1      | Reached skill level 3 in Axes
   138 | D:1      | Reached XP level 2. HP: 26/27 MP: 1/1
   309 | D:1      | Reached skill level 4 in Fighting
   872 | D:2      | Noticed an ogre
   875 | D:2      | Killed an ogre
   875 | D:2      | Reached skill level 5 in Axes
   875 | D:2      | Reached XP level 3. HP: 34/34 MP: 2/2
   875 | D:2      | Reached XP level 4. HP: 41/41 MP: 3/3
   951 | D:2      | Found a blossoming altar of Fedhas.
   955 | D:2      | Found a shattered altar of Ashenzari.
  1106 | D:2      | Reached XP level 5. HP: 47/47 MP: 4/4
  1157 | D:2      | Reached skill level 5 in Fighting
  1385 | D:2      | Found a sparkling altar of Nemelex Xobeh.
  1876 | D:3      | Reached skill level 6 in Axes
  2149 | D:3      | Noticed Solrac's ghost (amateur TrFi)
  2166 | D:3      | Killed Solrac's ghost
  2166 | D:3      | Reached skill level 7 in Axes
  2166 | D:3      | Reached XP level 6. HP: 53/57 MP: 5/5
  2550 | D:4      | Reached skill level 6 in Fighting
  2677 | D:4      | Reached XP level 7. HP: 57/64 MP: 6/6
  2759 | D:4      | Found a staircase to the Ecumenical Temple.
  2762 | D:4      | Found a sacrificial altar of Ru.
  2836 | Temple   | Entered the Ecumenical Temple
  2926 | Temple   | Became a worshipper of Warmaster Okawaru
  3113 | D:4      | Reached skill level 7 in Fighting
  3262 | D:4      | Reached skill level 8 in Axes
  3421 | D:5      | Entered Level 5 of the Dungeon
  3424 | D:5      | Noticed Ijyb
  3428 | D:5      | Reached * piety under Okawaru
  3428 | D:5      | Reached skill level 8 in Fighting
  3435 | D:5      | HP: 11/68 [acid (16)]
  3436 | D:5      | Killed Ijyb
  3443 | D:4      | HP: 10/69 [poisoned by an adder]
  3755 | D:5      | Reached XP level 8. HP: 75/75 MP: 7/7
  3767 | D:5      | Reached skill level 9 in Fighting
  3794 | D:5      | Reached skill level 9 in Axes
  4275 | D:5      | Found an opulent altar of Gozag.
  4275 | D:5      | Found a deep blue altar of Sif Muna.
  4391 | D:5      | Reached ** piety under Okawaru
  4620 | D:6      | Reached skill level 10 in Fighting
  4706 | D:6      | Found Homunueg's Book Boutique.
  4711 | D:6      | Reached skill level 10 in Axes
  5071 | D:6      | Reached XP level 9. HP: 81/86 MP: 8/8
  5090 | D:6      | Learned a level 2 spell: Blink
  5201 | D:6      | Found a bloodstained altar of Trog.
  5219 | D:6      | Reached skill level 4 in Armour
  5219 | D:6      | Reached skill level 1 in Dodging
  5221 | D:6      | Reached skill level 4 in Shields
  5486 | D:7      | Reached *** piety under Okawaru
  5570 | D:7      | Reached skill level 2 in Dodging
  5736 | D:7      | Found Vyac's Gadget Shoppe.
  5755 | D:7      | Found a bloodstained altar of Trog.
  6035 | D:8      | Reached skill level 5 in Armour
  6035 | D:8      | Reached skill level 5 in Shields
  6065 | D:8      | Noticed a two-headed ogre
  6074 | D:8      | Killed a two-headed ogre
  6074 | D:8      | Reached **** piety under Okawaru
  6074 | D:8      | Reached skill level 11 in Fighting
  6074 | D:8      | Reached skill level 3 in Dodging
  6074 | D:8      | Reached skill level 1 in Invocations
  6074 | D:8      | Reached skill level 1 in Evocations
  6246 | D:8      | Reached skill level 11 in Axes
  6297 | D:8      | Reached XP level 10. HP: 94/95 MP: 10/10
  6317 | D:8      | Reached skill level 2 in Invocations
  6322 | D:8      | Identified the Reference Book on Twisted Shape Shifting
  6824 | D:8      | Reached skill level 2 in Evocations
  6899 | D:8      | Found a shimmering altar of Xom.
  6900 | D:8      | Found a white marble altar of Elyvilon.
  7012 | D:8      | Reached skill level 4 in Dodging
  7263 | D:9      | Found a staircase to the Lair.
  7274 | D:9      | Found a staircase to the Orcish Mines.
  7278 | D:9      | Reached skill level 6 in Shields
  7287 | D:9      | Reached skill level 6 in Armour
  7304 | D:9      | Found a roughly hewn altar of Beogh.
  7442 | D:9      | Noticed a two-headed ogre
  7450 | D:9      | Killed a two-headed ogre
  7450 | D:9      | Reached skill level 3 in Invocations
  7458 | D:9      | Reached ***** piety under Okawaru
  7464 | D:9      | Reached skill level 3 in Evocations
  7471 | D:9      | Received a gift from Okawaru
  7474 | D:9      | Got a fine buckler {god gift}
  7485 | D:9      | Identified the +0 buckler of Heresy {Dex+4} (Okawaru gifted it to you on level 9 of the Dungeon)
  7508 | D:9      | Noticed a two-headed ogre
  7517 | D:9      | Killed a two-headed ogre
  7517 | D:9      | Reached skill level 5 in Dodging
  7951 | D:9      | Reached XP level 11. HP: 94/104 MP: 12/12
  7986 | D:9      | Reached skill level 4 in Invocations
  8065 | D:9      | Reached skill level 7 in Armour
  8065 | D:9      | Reached skill level 7 in Shields
  8418 | D:10     | Entered Level 10 of the Dungeon
  8577 | D:10     | Found Surokh's Antique Weapon Shoppe.
  8589 | D:10     | Noticed Erica
  8614 | D:10     | Killed Erica
  8869 | D:10     | Noticed an orange crystal statue
  9017 | D:10     | Noticed a two-headed ogre
  9026 | D:10     | Killed a two-headed ogre
  9128 | D:10     | Found Plog's Book Emporium.
  9149 | D:10     | Reached skill level 4 in Evocations
  9154 | D:10     | Reached skill level 12 in Fighting
  9961 | D:11     | HP: 24/104 [electric eel/bolt of electricity (10)]
  9962 | D:11     | HP: 6/104 [electric eel/bolt of electricity (10)]
  9962 | D:11     | HP: 2/104 [electric eel/bolt of electricity (4)]
  9966 | D:11     | Killed from afar by a white imp

Skill      XL: |  1  2  3  4  5  6  7  8  9 10 11 |
---------------+----------------------------------+-----
Axes           | 3 5 7 8 10 11 | 11.9
Fighting       | 4 5 6 8 10 11 12 | 12.0
Armour         | 5 6 7 |  7.5
Dodging        | 3 5 |  5.8
Shields        | 5 6 7 |  7.5
Invocations    | 1 3 4 |  4.6
Evocations     | 1 3 4 |  4.1

Action                   |  1- 3 |  4- 6 |  7- 9 | 10-12 || total
-------------------------+-------+-------+-------+-------++-------
Melee: War axe           |    52 |   135 |   145 |       ||   332
       Headbutt          |     5 |    23 |    51 |    71 ||   150
       Hand axe          |       |       |   122 |   354 ||   476
Invok: Heroism           |       |       |       |     2 ||     2
Evoke: Wand              |       |       |     1 |     4 ||     5
  Use: Potion            |     1 |       |       |     2 ||     3
       Scroll            |       |       |       |    15 ||    15
  Eat: Chunk             |       |     5 |    14 |     9 ||    28
       Ration            |       |       |       |     2 ||     2
Armor: Scale mail        |    20 |    42 |   120 |    93 ||   275
Dodge: Dodged            |    16 |    46 |    63 |   129 ||   254
Block: Shield            |    15 |    69 |   115 |    31 ||   230
       Buckler           |       |       |       |    53 ||    53

Vault maps used:
D:1:      kennysheep_arrival_forest
D:2:      grunt_temple_overflow_open, lemuel_crystal_altar
D:3:      first_ration
D:4:      cheibrodos_thug_alley, overflow_temple_1_default,
          minmay_temple_entry_trees, kennysheep_generic_room_5
D:5:      gammafunk_temple_overflow_elements, minmay_divided_ellipse, uniq_ijyb
D:6:      serial_shops, nicolae_shop_statue_plus,
          eino_small_chamber_without_monster, trog_butcher_becter
D:7:      serial_shops, shop, trog_three_pillars_becter
D:8:      nicolae_overflow_hidden_temple, hangedman_little_slice_of_home
D:9:      lair_entry_dummy, minmay_orc_entry_temple_small
D:10:     serial_shops, shop_statue, shop, minivault_15, grunt_decor_one_mirror,
          uniq_erica
D:11:     portal_ice_cave_entry_imps, nicolae_lava_and_water,
          hangedman_decor_slide_cut, jmf_multi_god_temple2, uniq_josephine
Temple:   eino_temple_lava

Table legend:
 A = Turns spent in this place as a percentage of turns spent in the entire game.
 B = Non-inter-level travel turns spent in this place as a percentage of non-inter-level travel turns spent in the entire game.
 C = Inter-level travel turns spent in this place as a percentage of turns spent in this place.
 D = Turns resting spent in this place as a percentage of non-inter-level travel turns spent in this place.
 E = Turns spent auto-exploring this place as a percentage of non-inter-level travel turns spent in this place.
 F = Non-inter-level travel turns spent in this place divided by the number of levels of this place that you've seen.
                   A       B       C       D       E      F
               +-------+-------+-------+-------+-------+----------------------
         Total | 100.0 | 100.0 |   0.8 |  21.3 |  53.4 | 824.2
       Dungeon |  98.9 |  99.0 |   0.7 |  21.5 |  53.4 | 889.9
        Temple |   1.1 |   1.0 |   9.8 |   0.0 |  54.5 | 101.0
               +-------+-------+-------+-------+-------+----------------------

Table legend:
 A = Kills in this place as a percentage of kills in entire the game.
 B = Kills by you in this place as a percentage of kills by you in the entire game.
 C = Kills by friends in this place as a percentage of kills by friends in the entire game.
 D = Other kills in this place as a percentage of other kills in the entire game.
 E = Experience gained in this place as a percentage of experience gained in the entire game.
 F = Experience gained in this place divided by the number of levels of this place that you have seen.
                   A       B       C       D       E      F
               +-------+-------+-------+-------+-------+----------------------
         Total | 100.0 | 100.0 |   N/A |   N/A | 100.0 | 1294.5
       Dungeon | 100.0 | 100.0 |   N/A |   N/A | 100.0 | 1412.2
               +-------+-------+-------+-------+-------+----------------------
